 Dungeon Crawl Stone Soup version 0.28-a0-726-g4a9143789a (webtiles) character file.

Game seed: 14215126139114097463

10 cheechan the Ducker (level 2, -1/21 HPs)
             Began as an Octopode Fighter on Oct 27, 2021.
             Slain by a quokka (3 damage)
             ... on level 1 of the Dungeon.
             The game lasted 00:01:04 (231 turns).

cheechan the Ducker (Octopode Fighter)               Turns: 231, Time: 00:01:05

Health: -1/21      AC:  1    Str: 15    XL:     2   Next: 20%
Magic:  0/2        EV: 13    Int: 10    God:
Gold:   0          SH:  4    Dex: 11    Spells: 0/1 levels left

rFire   . . .      SeeInvis .   a - +0 war axe
rCold   . . .      Faith    .   b - +0 buckler
rNeg    . . .      Spirit   .   (helmet restricted)
rPois   .          Reflect  .   (no amulet)
rElec   .          Harm     .   (no ring)
rCorr   .          Rampage  .   (no ring)
Will    .....                   (no ring)
Stlth   ++........              (no ring)
HPRegen 0.07/turn               (no ring)
MPRegen 0.08/turn               (no ring)
                                (no ring)
                                (no ring)

@: no status effects
A: almost no armour, amphibious, 8 rings, camouflage 1, gelatinous body 1,
(nimble swimmer 1), tentacles
a: no special abilities


You were on level 1 of the Dungeon.
You visited 1 branch of the dungeon, and saw 1 of its levels.

Inventory:

Hand Weapons
 a - a +0 war axe (weapon)
 d - a +0 hand axe
Armour
 b - a +0 buckler (worn)
Scrolls
 f - a scroll of noise
Potions
 c - a potion of might
 e - a potion of brilliance {unknown}
 g - a potion of curing {unknown}


   Skills:
 + Level 3.1 Fighting
 + Level 2.2 Axes
 + Level 3.2 Dodging
 + Level 3.1 Shields


You couldn't memorise any spells.
You knew the following spells:

 Your Spells              Type           Power      Damage    Failure   Level
a - Pain                  Necr           0%         1d4       38%         1

Your spell library contained the following spells:

 Spells                   Type           Power      Damage    Failure   Level
 Agony                    Necr           0%         N/A       100%        5
 Excruciating Wounds      Necr           0%         N/A       100%        5


Dungeon Overview and Level Annotations

Branches:
Dungeon (1/15)

Altars:

Shops:
D:1 *


Innate Abilities, Weirdness & Mutations

You cannot wear most types of armour.
You are amphibious.
You can wear up to eight rings at the same time.
Your skin changes colour to match your surroundings (Stealth+).
Your rubbery body absorbs attacks. (AC +1, EV +1)
((You are camouflaged near water. (Stealth+)))
You have tentacles for arms and can constrict up to eight enemies at once.


Message History

You hit the kobold but do no damage. You closely miss the bat.
The bat completely misses you. The bat closely misses you.
The kobold hits you with a +0 dagger.
You hit the kobold but do no damage. Your grab misses the kobold.
You hit the bat.
You kill the bat!
The kobold hits you with a +0 dagger. The kobold hits you but does no damage.
You block the kobold's attack.
A quokka comes into view.
Things that are here:
a +0 dagger; a goblin corpse You slash the kobold!
You kill the kobold!
Things that are here:
a +0 dagger; 4 stones; a kobold corpse The quokka barely misses you.
The quokka bites you.
You barely miss the quokka. Your grab misses the quokka.
You squeeze the quokka.
The quokka is heavily wounded.
You block the quokka's attack.
You closely miss the quokka. Your grab misses the quokka.
The quokka is moderately wounded.
The quokka misses you. The quokka closely misses you.
Your magical contamination has completely faded away.
You hit the quokka. Your grab misses the quokka.
The quokka is severely wounded.
The quokka closely misses you. The quokka bites you.
* * * LOW HITPOINT WARNING * * *
Casting: Pain (safe; 38% risk of failure)
Confirm with . or Enter, or press ? or * to list all spells.
Aiming: Pain (safe; 38% risk of failure)
Press: ? - help, Shift-Dir - straight line, f - quokka
Aim: a quokka (severely wounded, chance to affect: 50%)
The quokka writhes in agony.
The quokka bites you.
* * * LOW HITPOINT WARNING * * *
You barely miss the quokka. Your grab misses the quokka.
Your squeeze misses the quokka.
The quokka is almost dead.
The quokka bites you.
You die...

###... #.....##..## #
###.# ##.......#.. .# #
#...###.........###.#..
..# #...........#....
♣.♣ #.............#...
..# #.................
♣.♣ #.........##
..#####.........r##
♣.♣.............@.## .
..###..#####....)..#....
♣.♣...## #....).......
#..#### #.......#....
♣.♣# ##.....###### ...
#....)..# ♣.♣#
.........# ###
.#......... #
#P...>..###


You could see a quokka.

Vanquished Creatures
  2 bats (D:1)
  3 endoplasms (D:1)
  A giant cockroach (D:1)
  A goblin (D:1)
  A kobold (D:1)
  A rat (D:1)
9 creatures vanquished.

Vanquished Creatures (others)
  A plant (D:1)
1 creature vanquished.

Grand Total: 10 creatures vanquished

Notes
Turn   | Place    | Note
-------+----------+-------------------------------------------
     0 | D:1      | cheechan the Octopode Fighter began the quest for the Orb.
     0 | D:1      | Reached XP level 1. HP: 16/16 MP: 1/1
    46 | D:1      | Found Niaped's Assorted Antiques.
   185 | D:1      | Reached XP level 2. HP: 21/21 MP: 2/2
   197 | D:1      | Learned a level 1 spell: Pain
   231 | D:1      | Slain by a quokka

Illustrated notes

Levels and vault maps discovered:
D:1:      sevenhm_arrival_forest_fort_small_3, layout_rooms, serial_shops,
          nicolae_shop_competitors_out_of_business, serial_forest,
          infiniplex_forest_clump_cross, infiniplex_forest_lined_corner,
          infiniplex_forest_pool, infiniplex_forest_lined_3,
          infiniplex_forest_clump_double, infiniplex_forest_side_room,
          infiniplex_forest_end_3, shapermc_ecumenical_altar_rom_forum

Action                   || total
-------------------------++-------
Melee: War axe           ||    19
       Tentacles         ||     5
       Constrict         ||     4
 Cast: Pain              ||     1
  Use: Scroll            ||     1
 Stab: Sleeping          ||     2
Armor: Skin              ||     3
Dodge: Dodged            ||    15
Block: Buckler           ||     3

Table legend: (Time is in decaauts)
 A = Elapsed time spent in this place.
 B = Non-inter-level travel time spent in this place.
 C = Inter-level travel time spent in this place.
 D = Time resting spent in this place.
 E = Time spent auto-exploring this place.
 F = Levels seen in this place.
 G = Mean time per level.
                   A        B        C        D        E       F      G
               +--------+--------+--------+--------+--------+-----+--------+
         Total |    238 |    238 |      0 |      0 |      0 |   1 |  238.0 |
       Dungeon |    238 |    238 |      0 |      0 |      0 |   1 |  238.0 |
               +--------+--------+--------+--------+--------+-----+--------+

Top non-repeatable levels by time:
     D:1: 238 daAuts
